 Dungeon Crawl Stone Soup version 0.30-a0-1053-gbd8d5ba0ad (webtiles) character file.

Game seed: 11305213707836545247

218 Arzdou the Chopper (level 5, -18/47 HPs)
             Began as a Hill Orc Fighter on Apr 11, 2023.
             Demolished by an ogre
             ... wielding a +0 giant spiked club
              (23 damage)
             ... on level 3 of the Dungeon.
             The game lasted 00:09:45 (3201 turns).

Arzdou the Chopper (Hill Orc Fighter)               Turns: 3201, Time: 00:09:45

Health: -18/47     AC: 10    Str: 19    XL:     5   Next: 95%
Magic:  5/5        EV: 12    Int: 16    God:
Gold:   211        SH:  9    Dex: 10    Spells: 3/4 levels left

rFire   . . .      SeeInvis .    a - +0 war axe
rCold   . . .      Faith    .    c - +0 buckler
rNeg    . . .      Spirit   .    r - +0 chain mail
rPois   .          Reflect  +    t - +0 helmet
rElec   .          Rampage  .    (no cloak)
rCorr   .                        (no gloves)
Will    .....                    (no boots) Stlth
                                 i - amulet of reflection
HPRegen 0.27/turn                n - +6 ring of intelligence
MPRegen 0.09/turn                x - +5 ring of evasion

@: no status effects
A: no striking features
a: no special abilities


You were on level 3 of the Dungeon.
You visited 1 branch of the dungeon, and saw 4 of its levels.

You collected 211 gold pieces.

Inventory:

Hand Weapons
 a - a +0 war axe (weapon)
Armour
 c - a +0 buckler (worn)
 r - a +0 chain mail (worn)
 t - a +0 helmet (worn)
Jewellery
 i - an amulet of reflection (around neck)
 n - a +6 ring of intelligence (left hand)
 s - a ring of protection from cold
 x - a +5 ring of evasion (right hand)
Scrolls
 e - 2 scrolls of teleportation
 f - a scroll of butterflies
 g - a scroll of brand weapon {unknown}
 h - a scroll of noise {unknown}
 j - 2 scrolls of poison
 l - a scroll of immolation
 q - 2 scrolls of silence {unknown}
Potions
 b - a potion of magic {unknown}
 d - a potion of might
 k - 2 potions of heal wounds
 o - 2 potions of attraction
 p - a potion of curing {unknown}
 u - a potion of flight {unknown}
 v - a potion of resistance {unknown}
 w - a potion of degeneration {unknown}


   Skills:
 + Level 4.5 Fighting
 * Level 6.1 Axes
 + Level 3.8 Armour
 + Level 0.4 Dodging
 + Level 0.1 Stealth
 + Level 3.8 Shields
 + Level 0.3 Spellcasting
 + Level 0.3 Summonings


You had 3 spell levels left.
You knew the following spells:

 Your Spells              Type           Power      Damage    Failure   Level
a - Summon Small Mammal   Summ           4%         N/A       92%         1

Your spell library contained the following spells:

 Spells                   Type           Power      Damage    Failure   Level
 Sublimation of Blood     Necr           0%         N/A       99%         2
 Wereblood                Tmut           0%         N/A       99%         2
 Call Canine Familiar     Summ           1%         N/A       100%        3
 Summon Guardian Golem    Hex/Summ       0%         N/A       100%        3
 Summon Hydra             Summ           0%         N/A       100%        7


Dungeon Overview and Level Annotations

Branches:
Dungeon (4/15)
 Temple: D:4-7

Altars:
Fedhas

Annotations:
D:4 Eustachio


Message History

Unknown command.
As you read the scroll labelled KOMUZAG MEGIVI, it crumbles to dust.
It is a scroll of identify.
j - 2 scrolls of poison
As you read the scroll of identify, it crumbles to dust.
k - 2 potions of heal wounds
As you read the scroll of identify, it crumbles to dust.
o - 2 potions of attraction Your surroundings suddenly seem different.
There is a stone staircase leading down here.
You climb downwards.
You hear the sound of rushing water.
There is an entrance to a sewer on this level.
Hurry and find it before the portal rusts away!
You hear the hiss of flowing sand.
There is an entrance to an ossuary on this level.
Hurry and find it before the portal is buried!
Level annotation: Eustachio You block the ogre's attack.
Eustachio gestures wildly while chanting.
Eustachio blinks!
There is a stone staircase leading up here.
The ogre hits you with a +0 giant spiked club.
You climb upwards.
There is a stone staircase leading down here.
You hit the ogre.
The ogre is lightly wounded.
You block the ogre's attack.
You slash the ogre!
The ogre is heavily wounded.
You hit the ogre.
The ogre is heavily wounded.
The ogre hits you with a +0 giant spiked club!!
Ouch! That really hurt!
You hit the ogre.
The ogre is heavily wounded.
The ogre hits you with a +0 giant spiked club!
* * * LOW HITPOINT WARNING * * *
You closely miss the ogre.
The ogre is heavily wounded.
The ogre hits you with a +0 giant spiked club!!
You die...

#.#.#.##≈#.....................#.
.......###......[................
.#..#.## #.......................
.##...## #....##.##.#..........#.
.......###....................[..
.#............................###
.#..##..##.....................~.
..............##.#..#....###...~.
.#...#.###......@O.............≈.
.#............................#≈#
.#...#.###....##........[###..#≈#
..............##.#..##........#≈#
.#..######....##.#..###..###..###
.#..# #....#..................
.#..######.......................
..............#..#..###.......###
.................#..###.......#).


You could see an ogre.

Vanquished Creatures
  Menkaure (D:4)
  2 adders (D:3)
  3 orcs (D:3)
  3 endoplasms
  A giant cockroach (D:2)
  5 goblins
  9 hobgoblins
  5 jackals (D:2)
  9 kobolds
  4 quokkas
  6 ball pythons
  10 bats
  6 frilled lizards
  9 rats
73 creatures vanquished.

Notes
Turn   | Place    | Note
-------+----------+-------------------------------------------
     0 | D:1      | Arzdou the Hill Orc Fighter began the quest for the Orb.
     0 | D:1      | Reached XP level 1. HP: 19/19 MP: 1/1
   141 | D:1      | Reached XP level 2. HP: 27/27 MP: 2/2
   151 | D:1      | Reached skill level 3 in Axes
   466 | D:1      | Reached XP level 3. HP: 33/33 MP: 3/3
   913 | D:2      | Found a faded altar of an unknown god.
  1218 | D:2      | Reached skill level 4 in Axes
  1272 | D:2      | Found a blossoming altar of Fedhas.
  1768 | D:3      | Reached XP level 4. HP: 40/40 MP: 4/4
  2437 | D:3      | Learned a level 1 spell: Summon Small Mammal
  2817 | D:4      | Noticed an ogre
  2919 | D:4      | Noticed Menkaure
  2929 | D:4      | Killed Menkaure
  2930 | D:4      | Reached skill level 6 in Axes
  2930 | D:4      | Reached XP level 5. HP: 26/47 MP: 5/5
  3035 | D:4      | Noticed an ogre
  3071 | D:4      | Noticed Eustachio
  3201 | D:3      | Demolished by an ogre

Illustrated notes

Levels and vault maps discovered:
D:1:      reono_arrival_mine, layout_basic
D:2:      layout_rooms, hellmonk_ecumenical_altar_dog_temple, basic_altar,
          grunt_ministairs_2, nicolae_titane
D:3:      layout_basic, serial_rivers, chequers_serial_rivers_micro_b,
          chequers_serial_rivers_micro_d, chequers_serial_rivers_small_b,
          chequers_serial_rivers_micro_a, chequers_serial_rivers_micro_b,
          chequers_serial_rivers_micro_c, minmay_vboxes
D:4:      layout_loops_cross, temple_hall, nicolae_ossuary_entry_plus,
          portal_sewer_entry_e, uniq_crazy_yiuf_cottage, uniq_robin,
          uniq_eustachio, uniq_duvessa, uniq_menkaure

Skill      XL: |  1  2  3  4 |
---------------+-------------+-----
Fighting       | 4 |  4.5
Axes           | 3 4 6 |  6.1
Armour         | |  3.8
Dodging        | |  0.4
Stealth        | |  0.1
Shields        | |  3.8
Spellcasting   | |  0.3
Summonings     | |  0.3

Action                     |  1- 3 |  4- 6 || total
---------------------------+-------+-------++-------
  Melee: War axe           |   147 |    71 ||   218
    Use: Scroll            |       |     6 ||     6
 Armour: Scale mail        |    57 |       ||    57
         Chain mail        |    13 |    33 ||    46
  Dodge: Dodged            |    68 |    11 ||    79
  Block: Buckler           |    44 |    34 ||    78

Table legend: (Time is in decaauts)
 A = Elapsed time spent in this place.
 B = Non-inter-level travel time spent in this place.
 C = Inter-level travel time spent in this place.
 D = Time resting spent in this place.
 E = Time spent auto-exploring this place.
 F = Levels seen in this place.
 G = Mean time per level.
                   A        B        C        D        E       F      G
               +--------+--------+--------+--------+--------+-----+--------+
         Total |   3277 |   3104 |    173 |      0 |   2373 |   4 |  819.2 |
       Dungeon |   3277 |   3104 |    173 |      0 |   2373 |   4 |  819.2 |
               +--------+--------+--------+--------+--------+-----+--------+

Top non-repeatable levels by time:
     D:3: 1434 daAuts
     D:1: 930 daAuts
     D:2: 697 daAuts
     D:4: 215 daAuts
